 Dungeon Crawl Stone Soup version 0.22.1-1-ga44c0e56f4 (webtiles) character file.

60 Nixze the Magician (level 3, -1/19 HPs)
             Began as a Deep Elf Fire Elementalist on Nov 1, 2018.
             Slain by Purgy (2 damage)
             ... on level 3 of the Dungeon.
             The game lasted 00:03:50 (2544 turns).

Nixze the Magician (Deep Elf Fire Elementalist)     Turns: 2544, Time: 00:03:53

Health: -1/19      AC:  2    Str:  5    XL:     3   Next: 80%
Magic:  0/10       EV: 13    Int: 20    God:
Gold:   87         SH:  0    Dex: 15    Spells: 6/10 levels left

rFire    . . .     SeeInvis .   d - +0 whip
rCold    . . .     Gourm    .   (no shield)
rNeg     . . .     Faith    .   a - +0 robe
rPois    .         Spirit   .   (no helmet)
rElec    .         Reflect  .   (no cloak)
rCorr    .         Harm     .   (no gloves)
MR       .....                  (no boots)
Stlth    ++........             (no amulet)
HPRegen  0.06/turn              (no ring)
MPRegen  0.12/turn              (no ring)

@: no status effects
A: no striking features
a: no special abilities


You were on level 3 of the Dungeon.
You were hungry.

You visited 1 branch of the dungeon, and saw 3 of its levels.

You collected 87 gold pieces.

Inventory:

Hand Weapons
 d - a +0 whip (weapon)
Armour
 a - a +0 robe (worn)
Jewellery
 l - an uncursed ring of resist corrosion {unknown}
 n - a +3 ring of protection {unknown}
 o - a +3 amulet of reflection {unknown}
Scrolls
 b - a scroll of remove curse {unknown}
 g - 3 scrolls of teleportation {unknown}
 j - 2 scrolls of identify {unknown}
 k - a scroll of fear {unknown}
 p - a scroll of enchant armour {unknown}
 q - 3 scrolls of noise {unknown}
Potions
 e - 2 potions of heal wounds {unknown}
 f - a potion of cancellation {unknown}
 h - a potion of magic {unknown}
 i - 2 potions of mutation {unknown}
 m - a potion of degeneration {unknown}
Comestibles
 c - 2 rations


   Skills:
 - Level 2.4 Dodging
 - Level 2.4 Stealth
 + Level 4.1 Spellcasting
 + Level 2.4 Conjurations
 + Level 4.0 Fire Magic


You had 6 spell levels left.
You knew the following spells:

 Your Spells              Type           Power        Failure   Level  Hunger
a - Flame Tongue          Conj/Fire      ###..        3%          1    None
b - Conjure Flame         Conj/Fire      ###.....     10%         3    ###....

Your spell library contained the following spells:

 Spells                   Type           Power        Failure   Level  Hunger
 Throw Flame              Conj/Fire      ###...       4%          2    #......
 Inner Flame              Hex/Fire       ##......     17%         3    ###....
 Sticky Flame             Conj/Fire      ###.....     32%         4    ####...
 Fireball                 Conj/Fire      ###.......   67%         5    ######.


Dungeon Overview and Level Annotations

Branches:
Dungeon (3/15)

Altars:
Elyvilon
Ru

Annotations:
D:3 Purgy


Message History

Purgy barely misses you. Purgy claws you. Purgy claws you but does no damage.
You barely miss Purgy.
Purgy is severely wounded.
Purgy closely misses you. Purgy claws you but does no damage. Purgy claws you.
You closely miss Purgy.
Purgy is severely wounded.
Purgy barely misses you. x2; Purgy closely misses you.
Casting: Flame Tongue (safe; 3% risk of failure)
Confirm with . or Enter, or press ? or * to list all spells.
Aiming: Flame Tongue (safe; 3% risk of failure)
Press: ? - help, Shift-Dir - straight line, f/p - Purgy
Aim: Purgy (heavily wounded)
The flame tongue hits Purgy.
Purgy is severely wounded.
Purgy bites you.
* * * LOW HITPOINT WARNING * * *
Purgy claws you.
* * * LOW HITPOINT WARNING * * *
Purgy claws you.
You die...

#.# #.######## #.#>.....#
# #.#.####.# #.## ##
#.#.####.### #...# #.
#.#.##...... #..#.#.
##.#.##.#.##.
#.....#######....##.#.##.
#..T@..<..........##.
#..#.....#..########.
#.##.#.###.##.## #.
..##.8.###.⌠.##.## #. #.#
##.###.#.####.## #. ...
#.###.###.#.#..# #. ...
⌠.###.⌠.###.⌠.#.# .##
.###.#.#.###.#..#
#.###.#.####.##


You could see Purgy.

Vanquished Creatures
  Terence (D:2)
  2 dart slugs (D:1)
  A leopard gecko (D:1)
  2 giant cockroaches
  5 goblins
  3 hobgoblins
  3 jackals (D:1)
  7 bats
  A kobold (D:1)
  4 rats
29 creatures vanquished.

Notes
Turn   | Place    | Note
-------+----------+-------------------------------------------
     0 | D:1      | Nixze the Deep Elf Fire Elementalist began the quest for
                  | the Orb.
     0 | D:1      | Reached XP level 1. HP: 10/10 MP: 6/6
   353 | D:1      | Reached XP level 2. HP: 12/15 MP: 2/8
  1486 | D:2      | Reached XP level 3. HP: 19/19 MP: 6/10
  1549 | D:2      | Noticed Terence
  1556 | D:2      | Learned a level 3 spell: Conjure Flame
  1579 | D:2      | Killed Terence
  1677 | D:2      | Found a white marble altar of Elyvilon.
  2053 | D:2      | Found a sacrificial altar of Ru.
  2525 | D:3      | Noticed Purgy
  2544 | D:3      | Slain by Purgy

Skill      XL: |  1  2  3 |
---------------+----------+-----
Conjurations   | 2 |  2.4
Spellcasting   | 4 |  4.1
Fire Magic     | 4 |  4.0
Dodging        | |  2.4
Stealth        | |  2.4

Action                   || total
-------------------------++-------
Melee: Unarmed           ||     8
       Whip              ||    11
 Cast: Flame Tongue      ||    68
       Conjure Flame     ||     3
  Eat: Chunk             ||     4
Armor: Robe              ||     6
Dodge: Dodged            ||    38
